AoeStats
← K

Nomad

508728567Analyzed
4v4 RM · 10d ago on Sep 23, 2026· 25m 0s· 8 players
Game mode
Random Map
Map size
231×231
Population
200
Speed
Normal
Resources
Standard
Victory
Conquest
Starting age
Dark Age
Ending age
Imperial Age
RankedLock teamsTeams togetherTeam positionsShared explorationLock speedFull tech treeHidden civsTurbo modeCheats
Victory
Defeat
🇺🇸 Japanese · United States
1245
+15
🇹🇷 Malians · Türkiye
1199
+17
🇯🇴 Italians · Jordan
1171
+18
🇯🇵 Spanish · Japan
1138
+20
🇬🇧 Teutons · United Kingdom
1228
-18
🇲🇽 Mongols · Mexico
1226
-18
🇺🇸 Spanish · United States
1209
-17
🇨🇳 Tatars · China
1208
-17
Papperation
13:47 Feudal Age
12:06 Loom
13:51 Feudal Age
17:52 Castle Age
16:51 Double-Bit Axe
smyracula
3:31 Loom
17:30 Feudal Age
18:52 Double-Bit Axe
22:24 Castle Age
21:02 Scale Mail Armor
21:11 Scale Barding Armor
21:16 Forging
21:24 Bloodlines
21:23 Gold Mining
22:29 Light Cavalry
23:52 Iron Casting
24:53 Chain Barding Armor
Prince Of The Darkness
6:36 Loom
13:34 Feudal Age
22:45 Feudal Age
26:59 Castle Age
25:01 Scale Mail Armor
25:11 Forging
sj
7:13 Loom
14:52 Feudal Age
15:27 Man-at-Arms
19:08 Arson
22:11 Forging
25:07 Scale Barding Armor
25:05 Scale Mail Armor
K
14:06 Feudal Age
19:01 Castle Age
24:38 Forging
tower07
[GDL] Maldito Pantoja
4:09 Loom
HajimiManbo
Connection lost

Rejoining the realm…

Still unreachable

The connection could not be restored.

Session expired

The server has moved on; the page needs a fresh start.